 Dungeon Crawl Stone Soup version 0.31-a0-240-gb923e448b6 (webtiles) character file.

Game seed: 15841934407344268090

55 qw the Shooter (level 3, -3/29 HPs)
             Began as a Minotaur Hexslinger on July 11, 2023.
             Slain by a sleepcap (6 damage)
             ... on level 2 of the Dungeon.
             The game lasted 00:00:28 (1235 turns).

qw the Shooter (Minotaur Hexslinger)                Turns: 1235, Time: 00:00:28

Health: -3/29      AC:  5    Str: 12    XL:     3   Next: 67%
Magic:  3/3        EV: 12    Int: 10    God:
Gold:   138        SH:  5    Dex: 14    Spells: 3/4 levels left

rFire   . . .        Y - +1 sling (flame)
rCold   + . .        (no shield)
rNeg    . . .        f - +2 leather armour {rC+}
rPois   .            (helmet restricted)
rElec   .            (no cloak)
rCorr   .            (no gloves)
SInv    .            (no boots)
Will    +....        h - amulet of reflection
Stlth   +            i - ring of willpower
HPRegen 0.24/turn    k - +4 ring of slaying {mikee}
MPRegen 0.08/turn

%: reflection
@: no status effects
A: horns 2, retaliatory headbutt
a: no special abilities


You were on level 2 of the Dungeon.
You visited 1 branch of the dungeon, and saw 3 of its levels.

You collected 138 gold pieces.


Innate Abilities, Weirdness & Mutations

You have a pair of horns on your head.
You reflexively headbutt those who attack you in melee.


   Skills:
 - Level 2.0 Fighting
 + Level 4.2 Ranged Weapons
 - Level 2.1 Dodging
 - Level 1.0 Spellcasting
 - Level 2.0 Hexes


You had 3 spell levels left.
You knew the following spells:

 Your Spells              Type           Power      Damage    Failure   Level
a - Slow                  Hex            16%        N/A       19%         1

Your spell library contained the following spells:

 Spells                   Type           Power      Damage    Failure   Level
 Inner Flame              Hex/Fire       2%         N/A       65%         3
 Portal Projectile        Hex/Tloc       4%         N/A       65%         3
 Cause Fear               Hex            2%         N/A       88%         4

Inventory:

Hand Weapons
 Y - a +1 sling of flaming (weapon)
Armour
 f - a +2 leather armour of cold resistance (worn)
Jewellery
 h - an amulet of reflection (around neck)
 i - a ring of willpower (left hand)
 k - a +4 ring of slaying (right hand) {mikee}
Potions
 b - a potion of attraction {unknown}
 d - a potion of haste {unknown}
 e - a potion of cancellation {unknown}
 g - a potion of resistance {unknown}
 j - a potion of berserk rage {unknown}

Dungeon Overview and Level Annotations

Branches:
Dungeon (3/15)

Altars:


Message History

You shoot a sling bullet. The sling bullet hits the sleepcap.
The sling bullet burns the sleepcap.
The sleepcap is moderately damaged.
The kobold throws a stone.
The stone hits you.
You shoot a sling bullet. The sling bullet hits the sleepcap.
The sling bullet burns the sleepcap.
The sleepcap is moderately damaged.
The giant cockroach misses you. The sleepcap closely misses you.
You block the giant cockroach's attack.
You shoot a sling bullet. The sling bullet hits the sleepcap.
The sling bullet burns the sleepcap.
The sleepcap is severely damaged.
The sleepcap releases spores at you.
You are engulfed in a cloud of soporific spores!
You fall asleep.
The giant cockroach bites you but does no damage.
The giant cockroach bites you but does no damage.
The sleepcap releases spores at you!
You wake up.
Ouch! That really hurt!
1233 ||| STAIRDANCE You block the giant cockroach's attack.
The kobold barely misses you. The sleepcap releases spores at you.
You are engulfed in a cloud of soporific spores!
You are unaffected.
The giant cockroach misses you.
You climb upwards.
There is a stone staircase leading down here.
Enter note:
Enter note:
Enter note:
Enter note:
Enter note:
Enter note:
Enter note:
Enter note:
Enter note: You shoot a sling bullet.
The sling bullet hits the sleepcap.
The sling bullet burns the sleepcap.
The sleepcap is almost destroyed.
The sleepcap releases spores at you.
You die...

.##.......####.###.#
#.# .###.#.%%##
#.###.# #.#
.###...#.# #.#...##
#.# .....(...#
#.#....###.#
.........#
#.#........#
.........#
#.#.....####
....)....# #.#.....#
.........# #.#.K..##
.........# #%f@B..#
.........# ########
.........#
.........#
.....)...#
##########


You could see a sleepcap, a giant cockroach and a kobold.

Vanquished Creatures
  Terence (D:2)
  A dart slug (D:2)
  3 ball pythons
  2 endoplasms (D:2)
  2 hobgoblins (D:2)
  4 jackals (D:2)
  A kobold (D:1)
  2 quokkas (D:2)
  5 bats
  6 rats
27 creatures vanquished.

Notes
Turn   | Place    | Note
-------+----------+-------------------------------------------
     0 | D:1      | qw the Minotaur Hexslinger began the quest for the Orb.
     0 | D:1      | Reached XP level 1. HP: 16/16 MP: 1/1
     0 | D:1      | 0 ||| qw: Version: 0.3-a-52-g30416fa
     0 | D:1      | 0 ||| qw: Game counter: 6105
     0 | D:1      | 0 ||| qw: Melee chars always use a shield: true
     0 | D:1      | 0 ||| qw: God list: Okawaru
     0 | D:1      | 0 ||| qw: Allow faded altars: false
     0 | D:1      | 0 ||| qw: Do Orc after clearing Dungeon:15 true
     0 | D:1      | 0 ||| qw: Do second Lair branch before Depths: true
     0 | D:1      | 0 ||| qw: Lair rune preference: random
     0 | D:1      | 0 ||| qw: Goals: Normal
     0 | D:1      | 0 ||| PLANNING D:1-11
   438 | D:1      | HP: 4/16 [poisoned by a kobold]
   646 | D:1      | Reached skill level 3 in Ranged Weapons
   646 | D:1      | Reached XP level 2. HP: 11/23 MP: 2/2
   759 | D:1      | 759 ||| UPGRADING to +0 leather armour.
   769 | D:1      | 769 ||| DROPPING +0 robe.
   770 | D:1      | 770 ||| UPGRADING to +2 leather armour of cold resistance.
   780 | D:1      | 780 ||| DROPPING +0 leather armour.
   781 | D:1      | 781 ||| UPGRADING to amulet of reflection.
   786 | D:1      | 786 ||| UPGRADING to ring of willpower.
   787 | D:1      | 787 ||| UPGRADING to +4 ring of slaying {mikee}.
   788 | D:1      | 788 ||| READING scroll labelled NINTUN SALLUM.
   789 | D:1      | 789 ||| DROPPING scroll of poison.
   985 | D:2      | Noticed Terence
   995 | D:2      | Killed Terence
   996 | D:2      | Reached skill level 4 in Ranged Weapons
   996 | D:2      | Reached XP level 3. HP: 23/29 MP: 3/3
  1204 | D:2      | 1204 ||| READING scroll labelled MUGAN ENIORE.
  1205 | D:2      | 1205 ||| READING scroll labelled GUSHAPTOVO.
  1233 | D:3      | 1233 ||| STAIRDANCE
  1233 | D:3      | HP: 3/29 [sleepcap (6)]
  1235 | D:2      | Slain by a sleepcap

Levels and vault maps discovered:
D:1:      wander_arrival_peaceful_grave, layout_basic
D:2:      layout_basic, uniq_terence
D:3:      layout_rooms, serial_corexii_hall, chequers_hall_statues_corner_a,
          corexii_hall_statues_l, corexii_hall_statues_x,
          chequers_hall_statues_wall_a, minmay_misc_feat_enclosed

Skill      XL: |  1  2 |
---------------+-------+-----
Ranged Weapons | 3 4 |  4.2
Fighting       | 2 |  2.0
Dodging        | |  2.1
Spellcasting   | |  1.0
Hexes          | |  2.0

Action                     || total
---------------------------++-------
   Fire: Sling             ||    91
    Use: Scroll            ||     3
 Armour: Robe              ||     4
         Leather armour    ||    13
  Dodge: Dodged            ||    27
  Block: Other             ||     7

Table legend:
 A = Non-vault XP
 B = Vault XP
 C = Vault XP percentage of total XP
 D = Non-vault monster count
 E = Vault monster count
 F = Vault count percentage of total count
                 A         B        C        D         E       F
            +---------+---------+-------+---------+---------+-------
      Total |      43 |      36 |  45.6 |      26 |       1 |   3.7
            +---------+---------+-------+---------+---------+-------
        D:1 |      12 |       0 |   0.0 |       9 |       0 |   0.0
        D:2 |      31 |      36 |  53.7 |      17 |       1 |   5.6
            +---------+---------+-------+---------+---------+-------
